Map: Deathaura LE

Players

Erik - Winner!

  • Race: Zerg Zerg
  • Spawn Location: 5:00

JimRising

  • Race: Zerg Zerg
  • League: Master
  • Spawn Location: 11:00

Event: DreamHack SC2 Masters 2020 Winter

VOD

Have the link to the VOD?

Description

Time

  • Played on: Oct. 22, 2020, 5:35 p.m.
  • Length: 19:40

All games in this series

Show
View Real Time Build Order
Export as new Build Order

Erik Zerg - Winner!

Build Orders: Hatch First, Lurkers 

Get SALT Encoding   

  12  0:00  Drone  
  13  0:09  Drone  
  14  0:15  Drone, Extractor  
  15  0:36  Hatchery  
  15  0:41  Drone, Extractor  
  15  0:47  Overlord  
  15  1:03  Spawning Pool  
  14  1:06  Drone  
  14  1:10  Drone  
  16  1:12  Drone  
  16  1:16  Extractor  
  17  1:18  Drone  
  17  1:28  Drone  
  19  1:40  Drone  
  19  1:49  Queen x2  
  19  1:50  Drone  
  19  1:52  Zergling x2  
  25  1:59  Drone  
  26  2:01  Overlord  
  26  2:10  Drone  
  26  2:11  Drone  
  28  2:18  Metabolic Boost  
  28  2:22  Drone x2  
  30  2:37  Hatchery  
  30  2:38  Zergling x2  
  30  2:40  Zergling x2  
  31  2:49  Drone x2  
  32  3:00  Drone x4  
  32  3:03  Overlord  
  36  3:12  Evolution Chamber  
  35  3:17  Baneling Nest  
  35  3:18  Drone x2  
  36  3:22  Drone  
  36  3:26  Zergling x4  
  36  3:27  Pneumatized Carapace  
  39  3:30  Drone x3  
  42  3:34  Drone x2  
  42  3:40  Roach Warren  
  44  3:44  Extractor  
  44  3:45  Extractor  
  44  3:46  Drone x2  
  44  3:50  Queen  
  44  3:52  Overlord  
  44  3:55  Overlord  
  46  3:57  Drone  
  46  4:01  Drone  
  47  4:03  Drone x2  
  47  4:06  Zerg Missile Weapons Level 1  
  49  4:19  Roach  
  49  4:20  Roach x2  
  54  4:32  Roach x2  
  54  4:33  Roach x3  
  64  4:41  Overlord  
  64  4:42  Drone x2  
  64  4:44  Overlord x2  
  66  4:51  Overlord  
  66  5:01  Lair, Drone x4  
  66  5:05  Drone x5, Extractor  
  74  5:10  Drone  
  75  5:15  Drone x2  
  77  5:24  Roach x6  
  77  5:25  Roach  
  86  5:33  Roach x2  
  88  5:39  Queen x2  
  88  5:41  Overlord  
  92  5:46  Drone  
  93  5:50  Drone x4  
  93  5:53  Spore Crawler  
  96  5:57  Spore Crawler  
  96  5:58  Spore Crawler  
  96  6:01  Queen  
  96  6:02  Spore Crawler  
  95  6:06  Hydralisk Den  
  95  6:07  Drone  
  95  6:08  Drone  
  95  6:11  Zerg Missile Weapons Level 2  
  96  6:13  Overseer  
  96  6:15  Queen  
  94  6:21  Roach x4  
  100  6:35  Roach x2  
  100  6:36  Overlord  
  104  6:41  Overlord  
  104  6:45  Overlord  
  103  6:51  Spore Crawler  
  103  6:53  Lurker Den  
  101  6:54  Overlord  
  101  6:56  Drone x5  
  101  6:59  Extractor  
  101  7:00  Extractor, Overlord  
  104  7:06  Glial Reconstitution  
  104  7:12  Drone x12  
  116  7:19  Spore Crawler  
  116  7:20  Spore Crawler  
  116  7:22  Spore Crawler  
  113  7:23  Spore Crawler  
  113  7:29  Overlord  
  112  7:31  Muscular Augments  
  112  7:35  Hydralisk x4  
  120  7:52  Infestation Pit  
  120  7:56  Hydralisk x6  
  120  7:57  Hydralisk x2  
  135  8:01  Drone x2  
  135  8:05  Overlord  
  137  8:13  Overlord x4  
  137  8:14  Overlord  
  137  8:20  Overseer  
  137  8:22  Overseer  
  137  8:28  Lurker  
  137  8:31  Hive  
  137  8:33  Lurker x5  
  143  8:43  Overlord  
  143  8:47  Roach x10  
  161  8:57  Drone x2  
  161  9:01  Drone  
  161  9:02  Drone x2  
  166  9:05  Zerg Ground Armor Level 1  
  166  9:15  Lurker x3  
  169  9:22  Overlord  
  169  9:23  Roach x3  
  169  9:24  Roach x2  
  179  9:35  Overlord  
  179  9:36  Overlord x4  
  179  9:51  Zergling x2  
  179  9:52  Seismic Spines  
  180  9:56  Viper  
  180  9:57  Viper  
  178  10:14  Spore Crawler x2  
  178  10:19  Hydralisk x7  
  186  10:24  Hatchery  
  185  10:32  Grooved Spines  
  185  10:46  Hydralisk x4  
  185  10:49  Adaptive Talons, Overlord x2  
  193  11:04  Viper  
  196  11:13  Zerg Missile Weapons Level 3  
  196  11:17  Extractor  
  196  11:18  Overseer  
  195  11:21  Extractor  
  195  11:23  Spore Crawler  
  192  11:35  Drone  
  192  11:36  Drone x3  
  192  11:39  Drone x2, Overlord  
  198  11:43  Drone x2  
  198  11:45  Extractor  
  198  11:46  Spore Crawler  
  198  11:53  Spore Crawler  
  197  11:57  Spore Crawler x2  
  195  12:01  Spore Crawler  
  194  12:12  Overseer x3  
  194  12:13  Overseer  
  194  12:22  Lurker x6  
  199  12:47  Drone x3  
  200  13:23  Hatchery  
  193  13:28  Viper x2  
  199  13:39  Overseer  
  199  13:54  Viper  
  198  14:27  Extractor  
  198  14:29  Extractor  
  196  14:36  Evolution Chamber x3  
  196  14:37  Evolution Chamber  
  192  14:50  Hatchery  
  189  14:54  Viper x2  
  189  14:57  Lair  
  190  15:07  Hydralisk x2  
  190  15:08  Hydralisk x3  
  190  15:13  Hatchery  
  187  15:34  Hydralisk  
  187  15:35  Hydralisk x10  
  183  15:49  Hydralisk  
  176  15:50  Hydralisk x2  
  167  16:02  Hive  
  153  16:09  Hydralisk x7  
  137  16:21  Hydralisk x4  
  121  16:39  Lurker x4  
  116  16:40  Lurker x3  
  116  16:41  Hydralisk x6  
  128  16:53  Roach x3  
  129  16:55  Queen  
  129  16:56  Queen  
  129  16:57  Roach x3  
  139  17:03  Roach  
  139  17:04  Roach x2  
  129  17:21  Tunneling Claws  
  129  17:23  Spore Crawler x2  
  129  17:26  Roach x6  
  139  17:31  Burrow  
  136  17:38  Hydralisk x2  
  136  17:39  Hydralisk x2  
  144  17:45  Lurker x4  
  144  17:46  Lurker x3  
  151  17:53  Queen  
  151  17:56  Queen  
  155  18:01  Hydralisk x2  
  155  18:02  Hydralisk x4  
  167  18:19  Overseer x2  
  167  18:20  Hydralisk  
  167  18:21  Hydralisk x4  
  177  18:34  Hydralisk x5  
  177  18:37  Hatchery  
  184  19:01  Hydralisk x3  
  184  19:02  Hydralisk x6  
Show
View Real Time Build Order
Export as new Build Order

JimRising Zerg 

Build Orders: Hatch First, Lurkers 

Get SALT Encoding   

  12  0:00  Drone  
  13  0:12  Overlord  
  13  0:19  Drone  
  14  0:32  Drone x2  
  16  0:48  Hatchery  
  15  0:52  Drone  
  15  0:57  Drone  
  17  1:00  Drone  
  18  1:05  Extractor  
  17  1:15  Spawning Pool  
  17  1:18  Drone  
  17  1:22  Drone  
  18  1:30  Drone  
  19  1:42  Drone  
  20  1:50  Overlord  
  20  2:02  Queen x2  
  20  2:04  Zergling x4  
  26  2:11  Drone x2  
  28  2:22  Drone x2  
  30  2:32  Drone  
  30  2:35  Drone  
  32  2:37  Queen  
  34  2:45  Overlord  
  34  2:46  Drone  
  35  2:55  Drone  
  36  3:03  Overlord  
  36  3:06  Evolution Chamber  
  35  3:13  Drone x8  
  35  3:17  Roach Warren  
  42  3:20  Drone  
  42  3:21  Drone  
  44  3:28  Lair  
  46  3:34  Drone x2  
  46  3:35  Zerg Missile Weapons Level 1  
  46  3:37  Extractor  
  46  3:39  Extractor  
  44  3:44  Drone x4  
  44  3:46  Drone  
  49  3:49  Extractor, Overlord  
  48  4:03  Roach x2  
  48  4:06  Overlord  
  48  4:07  Overlord  
  52  4:15  Drone x3  
  52  4:17  Drone x2  
  56  4:23  Roach  
  59  4:27  Glial Reconstitution  
  59  4:32  Spire  
  57  4:45  Roach x4  
  64  4:46  Roach x3  
  64  4:52  Drone  
  71  4:53  Overlord  
  71  4:54  Roach x2  
  75  5:04  Overlord x2  
  75  5:13  Roach x2  
  75  5:14  Roach x2  
  83  5:16  Overlord  
  83  5:35  Drone  
  83  5:44  Drone  
  83  5:47  Mutalisk  
  83  5:48  Mutalisk x4  
  94  5:57  Drone, Zerg Flyer Weapons Level 1  
  94  5:58  Drone x3  
  94  6:00  Hatchery  
  97  6:09  Overlord x2  
  97  6:10  Mutalisk  
  99  6:12  Drone x5  
  104  6:20  Overlord  
  104  6:24  Mutalisk  
  104  6:31  Zerg Missile Weapons Level 2  
  104  6:37  Mutalisk  
  104  6:38  Extractor, Overlord x2  
  104  6:39  Extractor  
  104  6:48  Mutalisk  
  104  6:51  Overlord  
  104  6:52  Overlord  
  104  6:53  Overlord  
  106  7:01  Drone x3  
  108  7:04  Drone  
  110  7:10  Mutalisk x2  
  110  7:11  Drone x2  
  110  7:14  Mutalisk  
  118  7:18  Hatchery  
  117  7:24  Drone x3  
  117  7:28  Roach x3  
  126  7:30  Drone  
  126  7:35  Roach x4  
  126  7:36  Overlord  
  135  7:45  Roach x4  
  135  7:48  Drone x2  
  145  7:57  Roach x2  
  149  8:05  Roach x3  
  155  8:06  Roach x4  
  165  8:13  Roach x4  
  165  8:19  Roach  
  175  8:20  Roach x2  
  175  8:25  Ravager  
  175  8:26  Ravager x4  
  182  8:28  Roach x2  
  182  8:32  Queen  
  188  8:35  Roach x2  
  188  8:36  Overlord  
  188  8:59  Drone x2  
  188  9:00  Infestation Pit  
  188  9:01  Ravager  
  188  9:02  Hydralisk Den, Ravager x3  
  192  9:04  Drone x3  
  192  9:06  Drone x2  
  192  9:07  Drone, Extractor x2  
  192  9:08  Drone x3  
  199  9:19  Zerg Ground Armor Level 1  
  199  9:23  Evolution Chamber  
  198  9:24  Overseer  
  198  9:25  Pneumatized Carapace, Overseer  
  198  9:26  Overseer  
  198  9:34  Hatchery, Overlord  
  197  9:40  Hive  
  197  9:43  Lurker Den  
  196  9:55  Muscular Augments, Hydralisk x2  
  200  10:23  Hatchery  
  199  10:29  Overseer  
  199  10:42  Spore Crawler  
  198  10:43  Spine Crawler  
  198  10:44  Drone x3  
  198  10:45  Spine Crawler  
  198  10:46  Drone x2, Spine Crawler x2  
  198  10:47  Drone  
  198  10:49  Spine Crawler  
  199  10:55  Zerg Missile Weapons Level 3  
  199  10:56  Adaptive Talons  
  187  11:04  Lurker x2  
  187  11:05  Hydralisk x3  
  187  11:06  Grooved Spines, Hydralisk  
  197  11:11  Viper  
  197  11:13  Overlord  
  197  11:15  Zerg Ground Armor Level 2  
  192  11:36  Viper x2  
  192  11:38  Lurker x2  
  200  11:44  Spine Crawler x2  
  200  11:45  Drone x2, Spine Crawler  
  200  11:46  Drone, Spine Crawler  
  199  11:47  Spore Crawler  
  199  11:53  Lurker x2, Seismic Spines  
  200  11:54  Extractor  
  200  11:55  Extractor  
  198  12:03  Drone x2  
  200  12:29  Hydralisk  
  194  12:30  Hydralisk x2  
  200  12:39  Hatchery  
  200  12:40  Extractor  
  178  12:52  Hydralisk x3  
  178  12:55  Viper x2  
  178  12:57  Lurker x2  
  192  13:09  Overlord  
  192  13:10  Overseer  
  192  13:26  Viper x2, Lurker x4  
  193  13:30  Drone  
  188  13:58  Drone x3  
  188  13:59  Hydralisk x4  
  199  14:09  Zerg Ground Armor Level 3  
  199  14:10  Zerg Flyer Weapons Level 2  
  199  14:17  Spine Crawler  
  199  14:18  Spore Crawler  
  197  14:31  Hydralisk  
  199  14:59  Hydralisk x2  
  181  15:00  Hydralisk x3  
  181  15:03  Lurker x5  
  182  15:10  Hydralisk x3  
  182  15:11  Hydralisk  
  182  15:12  Hydralisk x5  
  183  15:25  Hydralisk  
  183  15:26  Hydralisk x10  
  196  15:29  Hydralisk  
  196  15:30  Hydralisk x5  
  155  15:48  Roach x12  
  155  15:49  Roach x6  
  183  15:53  Roach  
  183  15:54  Roach x14  
  191  16:00  Roach x5  
  199  16:09  Roach x3  
  189  16:14  Roach x4  
  189  16:15  Roach x3  
  186  16:30  Hydralisk x4  
  186  16:31  Hydralisk  
  196  16:42  Hydralisk x2  
  178  17:13  Hydralisk x4  
  178  17:14  Hydralisk x6  
  156  17:16  Lurker x2  
  156  17:23  Ravager  
  156  17:24  Viper x2  
  163  17:30  Drone  
  158  17:41  Overseer  
  158  17:42  Viper x3, Overseer  
  158  17:43  Viper  
  164  17:45  Lurker x2  
  166  17:52  Drone x3  
  166  17:54  Drone x2, Spore Crawler  
  166  17:56  Lurker  
  166  17:57  Lurker  
  173  17:58  Lurker  
  173  18:00  Lurker  
  173  18:01  Lurker  
  173  18:03  Lurker  
  176  18:08  Viper  
  176  18:10  Lurker x3  
  182  18:16  Drone x3  
  182  18:17  Drone x3  
  188  18:26  Overseer  
  188  18:27  Overseer  
  188  18:29  Extractor  
  188  18:33  Overseer  
  187  18:41  Hydralisk x2  
  187  18:42  Hydralisk x3  
  192  19:01  Hydralisk x12  
  158  19:06  Hydralisk x2  
  142  19:11  Roach  
  142  19:13  Hydralisk x2  
  142  19:19  Roach x3  
  138  19:27  Lurker x2  
Tags
 
Add a new tag
Caveats
  • Supply blocks, unpowered buildings, or Contaminate may cause inaccurate times.
  • Supply counts are checked every 10 seconds.